AoeStats
← JavierU

Arabia

509940141Analyzed
1v1 RM · 3d ago on Sep 28, 2026· 30m 27s· 2 players
Game mode
Random Map
Map size
Tiny (2 player)
Population
200
Speed
Normal
Resources
Standard
Victory
Conquest
Starting age
Dark Age
Ending age
Imperial Age
RankedLock teamsTeams togetherTeam positionsShared explorationLock speedFull tech treeHidden civsTurbo modeCheats
Victory
Defeat
🇪🇸 Varangians · Spain
1021
+15
🇦🇷 Franks · Argentina
1006
-15
Turqui
9:58 Loom
12:04 Feudal Age
13:21 Double-Bit Axe
22:13 Castle Age
21:46 Gold Mining
30:12 Forging
JavierU
7:26 Loom
10:11 Feudal Age
16:56 Bloodlines
16:41 Double-Bit Axe
22:20 Castle Age
22:52 Forging
22:39 Gold Mining
22:31 Horse Collar
23:28 Bow Saw
23:36 Scale Barding Armor
26:49 Chain Barding Armor
26:32 Husbandry
27:32 Heavy Plow
28:38 Devotion
Connection lost

Rejoining the realm…

Still unreachable

The connection could not be restored.

Session expired

The server has moved on; the page needs a fresh start.